 Dungeon Crawl Stone Soup version 0.32-a0-630-g46d191b0ed (webtiles) character file.

Game seed: 15472278280163797662

1697 Alarak the Thaumaturge (level 9, -4/55 HPs)
             Began as a Djinni Alchemist on Mar 7, 2024.
             Was an Initiate of Makhleb.
             Shot with a bolt by an orc warrior (16 damage)
             ... on level 7 of the Dungeon.
             The game lasted 00:17:08 (4800 turns).

Alarak the Thaumaturge (Djinni Alchemist)           Turns: 4800, Time: 00:17:11

Health: -4/55      AC:  5    Str:  7    XL:     9   Next: 23%
Gold:   298        EV: 12    Int: 21    God:    Makhleb [......] SH:  0 Dex: 14

rFire   + + .        n - +6 scythe (flame)
rCold   x . .        (shield currently unavailable)
rNeg    . . .        a - +0 robe
rPois   ∞            (no helmet)
rElec   .            i - +0 cloak
rCorr   .            p - +1 pair of gloves
SInv    .            (boots unavailable)
Will    .....        (no amulet)
Stlth   ++           (no ring)
HPRegen 0.29/turn    (no ring)
MPRegen 0.00/turn

%: infuse magic (-5 HP)
@: flying
A: sickness immunity, fire resistance 2, cold vulnerability 1, float, innate
caster, HP casting, extra vitality 1
a: Renounce Religion


You were on level 7 of the Dungeon.
You worshipped Makhleb.
Makhleb was noncommittal.
You visited 2 branches of the dungeon, and saw 8 of its levels.

You collected 298 gold pieces.

Inventory:

Hand Weapons
 b - a +2 vampiric spear
 n - a +6 scythe of flaming (weapon)
Missiles
 s - a throwing net
Armour
 a - a +0 robe (worn)
 i - a +0 cloak (worn)
 p - a +1 pair of gloves (worn)
Jewellery
 u - a ring of ice
Wands
 k - a wand of iceblast (4)
Scrolls
 g - 5 scrolls of teleportation
 l - a scroll of noise
 o - 2 scrolls of enchant weapon
Potions
 c - a potion of lignification
 f - 3 potions of curing {unknown}
 h - a potion of haste {unknown}
 j - a potion of berserk rage {unknown}
 m - a potion of attraction {unknown}
 q - 3 potions of mutation {unknown}
 r - a potion of brilliance {unknown}
 t - 2 potions of enlightenment {unknown}


   Skills:
 - Level 2.1 Dodging
 - Level 1.5 Stealth
 + Level 9.3 Spellcasting
 + Level 9.3 Conjurations
 + Level 9.3 Hexes
 + Level 9.3 Summonings
 + Level 9.3 Necromancy
 + Level 9.3 Translocations
 + Level 9.3 Fire Magic
 + Level 9.3 Ice Magic
 + Level 9.3 Air Magic
 + Level 9.3 Earth Magic
 + Level 9.3 Alchemy


You knew the following spells:

 Your Spells              Type           Power      Damage    Failure   Level
a - Sting                 Conj/Alch      100%       1d9       1%          1
b - Mercury Vapours       Alch/Air       98%        N/A       1%          2
c - Mephitic Cloud        Conj/Alch/Air  49%        N/A       1%          3
d - Olgreb's Toxic Radia  Alch           49%        N/A       1%          4
e - Sticky Flame          Fire/Alch      49%        2d9       1%          4
f - Foxfire               Conj/Fire      100%       2x1d9     1%          1
g - Ensorcelled Hibernat  Hex/Ice        98%        N/A       1%          2
h - Confusing Touch       Hex            49%        N/A       1%          3
i - Vampiric Draining     Necr           49%        2d9       1%          3
Your spell library was empty.

Dungeon Overview and Level Annotations

Branches:
Dungeon (7/15)             Temple (1/1) D:5

Altars:
Ashenzari
Cheibriados
Dithmenos
Elyvilon
Fedhas
Gozag
Makhleb
Nemelex Xobeh
Okawaru
Qazlal
Ru
Trog
Uskayaw
Wu Jian
Xom
Yredelemnul
Zin
The Shining One

Annotations:
D:2 Robin
D:4 3 runed translucent doors, MirrMurr's ghost, novice OnGl
D:5 3 runed translucent doors, Konar's ghost, novice CoHu
D:7 Joseph


Innate Abilities, Weirdness & Mutations

You are immune to sickness and miasma.
You are immune to poison.
Your flesh is very heat resistant. (rF++)
You are vulnerable to cold. (rC-)
You float through the air rather than walking.
You learn spells naturally, not from books.
Your magical power is your life essence.
You have superior vitality. (+4 MHP)


Message History

You feel a bit more experienced.
Casting: Olgreb's Toxic Radiance (dangerous; 1% risk of failure)
Confirm with . or Enter, or press ? or * to list all spells.
You begin to radiate toxic energy.
Joseph looks even sicker.
* * * LOW HITPOINT WARNING * * *
The orc warrior shoots a bolt.
The bolt hits you!
* * * LOW HITPOINT WARNING * * *
Joseph hits the orc warrior with a +0 quarterstaff.
The orc warrior shoots a bolt.
The bolt closely misses you.
You feel much better.
Joseph looks as sick as possible!
Your toxic aura wanes.
Joseph hits the orc warrior with a +0 quarterstaff!
The orc warrior shoots a bolt.
The bolt hits you!
* * * LOW HITPOINT WARNING * * *
Something closely misses the gnoll.
The orc warrior shoots a bolt.
The bolt misses you.
Something hits the orc warrior but does no damage.
Okay, then.
As you read the scroll of fog, it dissolves into smoke.
The orc warrior shoots a bolt.
The bolt misses you.
You hear the slow hiss of an avalanche of sand very nearby.
You hear the faint creaking of a portcullis very nearby.
There is an open door here.
Makhleb accepts your kill.
You feel a bit more experienced.
You start resting.
An orc warrior is nearby!
Casting: Olgreb's Toxic Radiance (dangerous; 1% risk of failure)
Confirm with . or Enter, or press ? or * to list all spells.
You begin to radiate toxic energy.
* * * LOW HITPOINT WARNING * * *
Unknown command.
The orc warrior shoots a bolt.
The bolt barely misses you.
Casting: Olgreb's Toxic Radiance (dangerous; 1% risk of failure)
Confirm with . or Enter, or press ? or * to list all spells.
You conjure some foxfire!
* * * LOW HITPOINT WARNING * * *
Your toxic aura wanes.
The orc warrior shoots a bolt.
The bolt hits you!
You die...

#...@))# #.o#####
###≈≈≈≈# #########
#≈...# #.......#
#§§§§# #.......#####
#§§§§# #............
#§§§§####............
#####'......>........
#@v###..).........
#....v.##.......####
#......##.......#
#......##.......#
#......##.......#
#......##.......#
#...o..##.......#
.#####...........#
...........###.####


You could see an orc warrior (ally target).

Vanquished Creatures
  Sigmund (D:3)
  2 water moccasins (D:5)
  An orc warrior (D:5)
  4 black bears
  A centaur (D:6)
  3 scorpions
  2 bombardier beetles (D:4)
  6 hounds
  2 orc priests
  Crazy Yiuf (D:3)
  2 orc wizards
  9 gnolls
  6 adders
  A shadow imp (D:6)
  2 white imps
  A dart slug (D:1)
  11 orcs
  5 endoplasms
  A giant cockroach (D:4)
  4 goblins
  4 hobgoblins
  2 quokkas (D:4)
  5 ball pythons
  5 bats
  A frilled lizard (D:3)
  2 kobolds
  2 rats (D:1)
86 creatures vanquished.

Vanquished Creatures (others)
  58 foxfires
58 creatures vanquished.

Grand Total: 144 creatures vanquished

Notes
Turn   | Place    | Note
-------+----------+-------------------------------------------
     0 | D:1      | Alarak the Djinni Alchemist began the quest for the Orb.
     0 | D:1      | Alarak set off with the following spells memorised: Sting,
                  | Mercury Vapours, Mephitic Cloud, Olgreb's Toxic Radiance,
                  | Sticky Flame.
     0 | D:1      | Reached XP level 1. HP: 15/15 MP: 0/0
   181 | D:1      | Reached XP level 2. HP: 17/21 MP: 0/0
   982 | D:2      | Noticed Robin
  1119 | D:3      | Found a faded altar of an unknown god.
  1127 | D:3      | Reached XP level 3. HP: 21/25 MP: 0/0
  1127 | D:3      | Learned a level 1 spell: Foxfire
  1352 | D:3      | Noticed Sigmund
  1362 | D:3      | Killed Sigmund
  1363 | D:3      | Reached skill level 5 in Spellcasting
  1363 | D:3      | Reached skill level 5 in Conjurations
  1363 | D:3      | Reached skill level 5 in Hexes
  1363 | D:3      | Reached skill level 5 in Summonings
  1363 | D:3      | Reached skill level 5 in Necromancy
  1363 | D:3      | Reached skill level 5 in Translocations
  1363 | D:3      | Reached skill level 5 in Fire Magic
  1363 | D:3      | Reached skill level 5 in Ice Magic
  1363 | D:3      | Reached skill level 5 in Air Magic
  1363 | D:3      | Reached skill level 5 in Earth Magic
  1363 | D:3      | Reached skill level 5 in Alchemy
  1363 | D:3      | Reached XP level 4. HP: 12/31 MP: 0/0
  1363 | D:3      | Reached XP level 5. HP: 14/35 MP: 0/0
  1363 | D:3      | Learned a level 2 spell: Ensorcelled Hibernation
  1555 | D:3      | Reached XP level 6. HP: 33/40 MP: 0/0
  1678 | D:3      | Found a runed translucent door.
  1679 | D:3      | Noticed Crazy Yiuf
  1806 | D:3      | Killed Crazy Yiuf
  1958 | D:4      | Found a runed translucent gate.
  1958 | D:4      | Found a runed translucent gate.
  1958 | D:4      | Found a runed translucent gate.
  2220 | D:4      | Reached XP level 7. HP: 10/45 MP: 0/0
  2220 | D:4      | Learned a level 3 spell: Confusing Touch
  2228 | D:4      | Noticed MirrMurr's ghost (novice OnGl)
  2991 | D:5      | Entered Level 5 of the Dungeon
  3160 | D:5      | Reached XP level 8. HP: 46/50 MP: 0/0
  3383 | D:5      | Found a staircase to the Ecumenical Temple.
  3405 | Temple   | Entered the Ecumenical Temple
  3491 | D:5      | Found a runed translucent gate.
  3491 | D:5      | Found a runed translucent gate.
  3492 | D:5      | Found a runed translucent gate.
  3494 | D:5      | Noticed Konar's ghost (novice CoHu)
  3605 | D:5      | Found a bloodstained altar of Trog.
  3667 | D:5      | Found a glowing golden altar of the Shining One.
  3671 | D:5      | Found a burning altar of Makhleb.
  3671 | D:5      | Found an ornate altar of the Wu Jian Council.
  3671 | D:5      | Found an iron altar of Okawaru.
  3681 | D:5      | Became a worshipper of Makhleb the Destroyer
  4046 | D:6      | Reached XP level 9. HP: 50/55 MP: 0/0
  4046 | D:6      | Learned a level 3 spell: Vampiric Draining
  4739 | D:7      | Noticed Joseph
  4748 | D:7      | HP: 2/55 [orc warrior/bolt (15)]
  4800 | D:7      | Shot with a bolt by an orc warrior

Illustrated notes

Levels and vault maps discovered:
D:1:      tarquinn_simple_flora_water_a, layout_basic, st_stairs_11
D:2:      layout_loops_corners, uniq_natasha, uniq_robin
D:3:      layout_basic, shapermc_ecumenical_altar_mp_highgroup,
          amcnicky_mini_rare_corridor_liquid, uniq_crazy_yiuf_cottage,
          uniq_sigmund
D:4:      layout_rooms, gammafunk_ghost_icy, grunt_decor_cap
D:5:      layout_loops_ring, grunt_temple_overflow_open,
          nzn_overflow_gifts_of_might_and_magic, minmay_temple_entry_ruins,
          ebering_ghost_rock_garden
D:6:      layout_basic
D:7:      layout_basic, enter_bailey_2, nicolae_ossuary_entry_ruins,
          chequers_serial_rivers_room_a, uniq_duvessa, uniq_menkaure,
          uniq_joseph
Temple:   eino_wide_crystal_templ

Skill      XL: |  1  2  3  4  5  6  7  8  9 |
---------------+----------------------------+-----
Spellcasting   | 5 6 7 8 9 |  9.3
Conjurations   | 5 6 7 8 9 |  9.3
Hexes          | 5 6 7 8 9 |  9.3
Summonings     | 5 6 7 8 9 |  9.3
Necromancy     | 5 6 7 8 9 |  9.3
Translocations | 5 6 7 8 9 |  9.3
Fire Magic     | 5 6 7 8 9 |  9.3
Ice Magic      | 5 6 7 8 9 |  9.3
Air Magic      | 5 6 7 8 9 |  9.3
Earth Magic    | 5 6 7 8 9 |  9.3
Alchemy        | 5 6 7 8 9 |  9.3
Dodging        | |  2.1
Stealth        | |  1.5

Action                     |  1- 3 |  4- 6 |  7- 9 || total
---------------------------+-------+-------+-------++-------
  Melee: Unarmed           |     4 |       |       ||     4
         Halberd           |       |     6 |    32 ||    38
         Spear             |       |       |    14 ||    14
   Cast: Sting             |    38 |    13 |    30 ||    81
         Mercury Vapours   |     3 |     3 |       ||     6
         Foxfire           |       |    26 |     9 ||    35
         Olgreb's Toxic Ra |       |     2 |    27 ||    29
         Mephitic Cloud    |       |     2 |     1 ||     3
         Ensorcelled Hiber |       |     1 |    21 ||    22
         Confusing Touch   |       |       |     3 ||     3
    Use: Scroll            |     3 |     7 |     4 ||    14
         Potion            |       |       |     1 ||     1
   Stab: Confused          |       |     1 |       ||     1
         Sleeping          |       |       |    17 ||    17
 Armour: Robe              |    10 |    17 |    35 ||    62
  Dodge: Dodged            |    10 |    13 |    45 ||    68

Table legend: (Time is in decaauts)
 A = Elapsed time spent in this place.
 B = Non-inter-level travel time spent in this place.
 C = Inter-level travel time spent in this place.
 D = Time resting spent in this place.
 E = Time spent auto-exploring this place.
 F = Levels seen in this place.
 G = Mean time per level.
                   A        B        C        D        E       F      G
               +--------+--------+--------+--------+--------+-----+--------+
         Total |   4817 |   4560 |    257 |    751 |   3203 |   8 |  602.1 |
       Dungeon |   4805 |   4559 |    246 |    751 |   3203 |   7 |  686.4 |
        Temple |     11 |      0 |     11 |      0 |      0 |   1 |   11.0 |
               +--------+--------+--------+--------+--------+-----+--------+

Top non-repeatable levels by time:
     D:3: 1117 daAuts
     D:4: 894 daAuts
     D:1: 883 daAuts
     D:6: 815 daAuts
     D:5: 791 daAuts
     D:7: 197 daAuts
     D:2: 105 daAuts
  Temple: 11 daAuts
